 Dungeon Crawl Stone Soup version 0.27-a0-998-g4cfe56dd59 (webtiles) character file.

Game seed: 5008966960890714428

18 Lugonue the Magician (level 2, -1/21 HPs)
             Began as a Mummy Wanderer on Apr 16, 2021.
             Slain by a jackal (2 damage)
             ... on level 1 of the Dungeon.
             The game lasted 00:03:33 (992 turns).

Lugonue the Magician (Mummy Wanderer)                Turns: 992, Time: 00:03:33

Health: -1/21      AC:  2    Str: 14    XL:     2   Next: 51%
Magic:  1/7        EV: 11    Int: 13    God:
Gold:   0          SH:  0    Dex: 10    Spells: 9/10 levels left

rFire    x . .     SeeInvis .   a - +0 club
rCold    + . .     Faith    .   (no shield)
rNeg     + + +     Spirit   .   d - +0 robe
rPois    ∞         Reflect  .   (no helmet)
rElec    .         Harm     .   (no cloak)
rCorr    .         Rampage  .   (no gloves)
Will     .....                  (no boots)
Stlth    +.........             (no amulet)
HPRegen  0.07/turn              (no ring)
MPRegen  0.10/turn              (no ring)

@: no status effects
A: cold resistance 1, negative energy resistance 3, torment resistance 2,
unbreathing 1, heat vulnerability 1, no potions
a: no special abilities


You were on level 1 of the Dungeon.
You visited 1 branch of the dungeon, and saw 1 of its levels.

Inventory:

Hand Weapons
 a - a +0 club (weapon)
Armour
 d - a +0 robe (worn)
Jewellery
 b - a ring of wizardry
Miscellaneous
 c - a piece from Xom's chessboard (13/15)


   Skills:
 - Level 1.0 Fighting
 - Level 0.2 Maces & Flails
 - Level 1.0 Dodging
 - Level 1.0 Unarmed Combat
 + Level 4.7 Spellcasting
 - Level 1.7 Earth Magic
 - Level 1.5 Evocations


You had 9 spell levels left.
You knew the following spells:

 Your Spells              Type           Power      Damage    Failure   Level
a - Magic Dart            Conj           12%        1d3       19%         1

Your spell library contained the following spells:

 Spells                   Type           Power      Damage    Failure   Level
 Summon Small Mammal      Summ           12%        N/A       19%         1
 Blink                    Tloc           N/A        N/A       28%         2
 Call Imp                 Summ           3%         N/A       28%         2
 Slow                     Hex            3%         N/A       28%         2
 Call Canine Familiar     Summ           3%         N/A       50%         3
 Conjure Flame            Conj/Fire      3%         6-21      50%         3
 Mephitic Cloud           Conj/Pois/Air  3%         N/A       50%         3


Dungeon Overview and Level Annotations

Branches:
Dungeon (1/15)

Altars:


Innate Abilities, Weirdness & Mutations

You are immune to poison.
Your flesh is cold resistant. (rC+)
You are immune to negative energy. (rN+++)
You are immune to unholy pain and torment.
You can survive without breathing.
You are vulnerable to heat. (rF-)
You do not drink.


Message History

You aren't carrying any scrolls.
Unknown command.
Casting: Magic Dart (safe; 19% risk of failure)
Confirm with . or Enter, or press ? or * to list all spells.
Okay, then.
Unknown command.
Press: ? - help, v - describe, . - travel
Here: a kobold, wielding a +0 dagger (heavily wounded)
The floor.
Unknown command.
You can't drink.
Unknown command.
You aren't carrying any scrolls.
Unknown command.
Casting: Magic Dart (safe; 19% risk of failure)
Confirm with . or Enter, or press ? or * to list all spells.
Aiming: Magic Dart (safe; 19% risk of failure)
Press: ? - help, Shift-Dir - straight line, f/p - kobold
Aim: a kobold, wielding a +0 dagger (heavily wounded, 100% to hit)
The magic dart hits the jackal but does no damage.
The jackal barely misses you. The jackal closely misses you.
Casting: Magic Dart (safe; 19% risk of failure)
Confirm with . or Enter, or press ? or * to list all spells.
Aiming: Magic Dart (safe; 19% risk of failure)
Press: ? - help, Shift-Dir - straight line, f/p - kobold
Aim: a kobold, wielding a +0 dagger (heavily wounded, 100% to hit)
The magic dart hits the jackal but does no damage.
The jackal bites you but does no damage.
The jackal bites you.
* * * LOW HITPOINT WARNING * * *
The jackal bites you.
* * * LOW HITPOINT WARNING * * *
There is a stone staircase leading down here.
The jackal barely misses you.
You aren't carrying any scrolls.
Unknown command.
Unknown command.
You make a move on Xom's chessboard...
The jackal is moving more slowly.
The jackal bites you.
You die...

#.#.÷.....#.#
#.#.......#.#
#.#.#.#...#.#
#.#.###..##.####
#.#.......!....#
#.#..##.....##.#
#.#....#.......#
###.#....#.#K.##########
....#..#.#h#.>hh@.......
....#..###K#.###########
....#..K...#.#.....#
....#.###..#.#.##.##
....#...#..#.#.##.#
###.....#..#.#.##.#
#######..#.#.##.######
#########..#.####.#....#
....†††...........#.##.#


You could see 2 jackals and a kobold.

Vanquished Creatures
  A dart slug (D:1)
  2 endoplasms (D:1)
  3 hobgoblins (D:1)
  6 jackals (D:1)
  A kobold (D:1)
13 creatures vanquished.

Notes
Turn   | Place    | Note
-------+----------+-------------------------------------------
     0 | D:1      | Lugonue the Mummy Wanderer began the quest for the Orb.
     0 | D:1      | Lugonue set off with the following items: a +0 club, a
                  | piece from Xom's chessboard (15/15), a +0 robe; and the
                  | following spells available to memorise: Magic Dart, Summon
                  | Small Mammal, Blink, Call Imp, Slow, Call Canine Familiar,
                  | Conjure Flame, Mephitic Cloud
     0 | D:1      | Reached XP level 1. HP: 15/15 MP: 5/5
    59 | D:1      | Learned a level 1 spell: Magic Dart
   364 | D:1      | Reached XP level 2. HP: 20/21 MP: 0/7
   988 | D:1      | HP: 1/21 [jackal (1)]
   992 | D:1      | Slain by a jackal

Illustrated notes

Levels and vault maps discovered:
D:1:      amcnicky_arrival_flooded_fountain, layout_basic,
          shapermc_ecumenical_altar_venn

Action                   || total
-------------------------++-------
Melee: Club              ||    42
 Cast: Magic Dart        ||    51
Evoke: Piece from Xom's  ||     2
Armor: Robe              ||    16
Dodge: Dodged            ||    45

Table legend: (Time is in decaauts)
 A = Elapsed time spent in this place.
 B = Non-inter-level travel time spent in this place.
 C = Inter-level travel time spent in this place.
 D = Time resting spent in this place.
 E = Time spent auto-exploring this place.
 F = Levels seen in this place.
 G = Mean time per level.
                   A        B        C        D        E       F      G
               +--------+--------+--------+--------+--------+-----+--------+
         Total |   1004 |   1004 |      0 |    214 |    562 |   1 | 1004.0 |
       Dungeon |   1004 |   1004 |      0 |    214 |    562 |   1 | 1004.0 |
               +--------+--------+--------+--------+--------+-----+--------+

Top non-repeatable levels by time:
     D:1: 1004 daAuts
